 Dungeon Crawl Stone Soup version 0.20.0-15-g7f486f2 (webtiles) character file.

23 skittles the Firebug (level 2, -2/20 HPs)
             Began as a Draconian Fire Elementalist on June 10, 2017.
             Slain by a river rat (9 damage)
             ... on level 3 of the Dungeon.
             The game lasted 00:02:25 (1450 turns).

skittles the Firebug (Draconian Fire Elementalist)  Turns: 1450, Time: 00:02:26

Health: -2/20      AC:  4    Str: 10    XL:     2   Next: 75%
Magic:  2/5        EV: 12    Int: 15    God:
Gold:   66         SH:  0    Dex: 11    Spells: 4/5 levels left

rFire    . . .     SeeInvis .   j - +0 mace (holy)
rCold    . . .     Gourm    .   (no shield)
rNeg     . . .     Faith    .   (armour unavailable)
rPois    .         Spirit   .   (helmet restricted)
rElec    .         Reflect  .   (no cloak)
rCorr    .         Harm     .   (no gloves)
MR       .....                  (no boots)
Stlth    ++........             (no amulet)
Regen    0.1/turn               h - ring of flight
MPRegen  0.1/turn               (no ring)

@: no status effects
A: unfitting armour, cold-blooded, AC +4
a: Evoke Flight


You were on level 3 of the Dungeon.
You were not hungry.

You visited 1 branch of the dungeon, and saw 3 of its levels.

You collected 66 gold pieces.

Inventory:

Hand Weapons
 j - a +0 mace of holy wrath (weapon)
Armour
 i - a +0 shield
Jewellery
 h - a ring of flight (left hand)
Scrolls
 c - a scroll of enchant armour {unknown}
 d - 2 scrolls of magic mapping {unknown}
 g - 4 scrolls of teleportation {unknown}
 m - 2 scrolls of identify {unknown}
 n - a scroll of fear {unknown}
 o - a scroll of random uselessness {unknown}
 p - a scroll of remove curse {unknown}
Potions
 e - 2 potions of brilliance {unknown}
 k - 2 potions of resistance {unknown}
Books
 a - a book of Flames

   Spells                             Type                      Level
   a - Flame Tongue                   Conjuration/Fire             1
   b - Throw Flame                    Conjuration/Fire             2
   c - Conjure Flame                  Conjuration/Fire             3
   d - Inner Flame                    Hexes/Fire                   3
   e - Sticky Flame                   Conjuration/Fire             4
   f - Fireball                       Conjuration/Fire             5
Comestibles
 b - 4 bread rations
 f - 3 meat rations
 l - a royal jelly
 q - 2 fruits


   Skills:
 - Level 1.7 Dodging
 - Level 1.7 Stealth
 - Level 2.0 Spellcasting
 + Level 2.0 Conjurations
 + Level 3.5 Fire Magic


You had 4 spell levels left.
You knew the following spells:

 Your Spells              Type           Power        Failure   Level  Hunger
a - Flame Tongue          Conj/Fire      #....        7%          1    #......


Dungeon Overview and Level Annotations

Branches:
Dungeon (2/15)

Altars:
Nemelex Xobeh

Portals:
Sewer: D:3


Innate Abilities, Weirdness & Mutations

Your plain brown scales are hard. (AC +4)
You cannot fit into any form of body armour.
You are cold-blooded and may be slowed by cold attacks.


Message History

The flame tongue hits the ball python.
You kill the ball python!
The river rat bites you but does no damage.
Casting: Flame Tongue
Confirm with . or Enter, or press ? or * to list all spells.
Aiming: Flame Tongue
Press: ? - help, Shift-Dir - straight line, f - river rat
Aim: a river rat The flame tongue hits the river rat.
The river rat is moderately wounded.
The river rat misses you.
Casting: Flame Tongue
Confirm with . or Enter, or press ? or * to list all spells.
Aiming: Flame Tongue
Press: ? - help, Shift-Dir - straight line, f/p - river rat
Aim: a river rat (moderately wounded)
The flame tongue hits the river rat.
The river rat appears unharmed.
The river rat is moderately wounded.
The river rat bites you!
You die...

#.##......### #.##..#...##.###
#.###.#...##.... #...........####
# #..###....#.# #. #..# #.#.##.#
#.# #..# #.#.##.#
##..##############..# #...##.####
.. ...##.r.r.rsr@...# ##..##.....
#####.##.##########.# #..#######
≈≈rrr.†..# ########.# ##..# #
≈≈≈r#.######....#...#####..### #
≈≈r≈#......'....'............####
≈≈≈≈#.######....#.......##...#...
≈≈≈≈#......##########...##...#.##
#####......# #####...###..#.#
......s# #...'...###..#.##


You could see 2 river rats, a giant cockroach and 2 rats.

Vanquished Creatures
  An ooze (D:2)
  An orc (D:3)
  A ball python (D:3)
  3 bats (D:1)
  A goblin (D:1)
  2 hobgoblins (D:1)
  A quokka (D:2)
  2 frilled lizards
  2 kobolds
  6 rats
20 creatures vanquished.

Notes
Turn   | Place    | Note
-------+----------+-------------------------------------------
     0 | D:1      | skittles the Draconian Fire Elementalist began the quest for the Orb.
     0 | D:1      | Reached XP level 1. HP: 14/14 MP: 3/3
   307 | D:1      | Reached XP level 2. HP: 20/20 MP: 5/5
  1169 | D:2      | Found a sparkling altar of Nemelex Xobeh.
  1274 | D:2      | You fall through a shaft!
  1432 | D:3      | Found a glowing drain.
  1450 | D:3      | Slain by a river rat

Skill      XL: |  1  2 |
---------------+-------+-----
Conjurations   | 2 |  2.0
Dodging        | |  1.7
Stealth        | |  1.7
Spellcasting   | |  2.0
Fire Magic     | |  3.5

Action                   || total
-------------------------++-------
Melee: Club              ||    14
       Tailslap          ||     3
       Mace              ||    31
 Cast: Flame Tongue      ||     9
 Stab: Sleeping          ||     5
  Eat: Chunk             ||     2
Armor: Skin              ||    25
Dodge: Dodged            ||    52
